AoeStats
← Tomato

African Clearing

504797489Analyzed
4v4 RM · 25d ago on Sep 6, 2026· 28m 24s· 8 players
Game mode
Random Map
Map size
Large (8 player)
Population
200
Speed
Normal
Resources
Standard
Victory
Conquest
Starting age
Dark Age
Ending age
Imperial Age
RankedLock teamsTeams togetherTeam positionsShared explorationLock speedFull tech treeHidden civsTurbo modeCheats
Victory
Defeat
🇻🇪 Huns · Venezuela
1390
+15
🇭🇰 Muisca · Hong Kong SAR China
1359
+16
1349
+17
🇭🇰 Vietnamese · Hong Kong SAR China
1188
+24
🇫🇮 Wu · Finland
1419
-20
🇩🇪 Persians · Germany
1377
-18
🇬🇷 Bengalis · Greece
1331
-17
🇳🇱 Wei · Netherlands
1331
-17
Titan
9:23 Loom
12:19 Feudal Age
13:22 Feudal Age
14:18 Town Watch
17:51 Castle Age
20:28 Wheelbarrow
23:02 Horse Collar
27:47 Sanctity
Kallemann
10:29 Loom
12:37 Feudal Age
16:54 Castle Age
15:35 Double-Bit Axe
16:12 Scale Barding Armor
17:13 Forging
24:20 Chain Barding Armor
27:56 Bloodlines
Tomato
4:49 Loom
18:13 Feudal Age
21:37 Fletching
mojotzotzo
7:35 Loom
15:35 Feudal Age
15:37 Man-at-Arms
17:14 Fletching
27:17 Castle Age
Potro Occidental
12:38 Feudal Age
13:10 Double-Bit Axe
15:55 Fletching
18:35 Loom
21:26 Castle Age
21:06 Padded Archer Armor
21:04 Horse Collar
21:36 Crossbowman
22:17 Bodkin Arrow
double barrack mountain king
5:36 Loom
16:26 Feudal Age
24:29 Castle Age
23:58 Fletching
25:35 Bodkin Arrow
進清十郎
9:04 Loom
12:32 Feudal Age
13:00 Champi Runner
15:00 Scale Mail Armor
16:48 Forging
25:44 Castle Age
23:57 Stone Mining
24:47 Double-Bit Axe
24:44 Horse Collar
25:11 Fletching
28:14 Bow Saw
sam0706
7:36 Loom
12:48 Feudal Age
13:24 Double-Bit Axe
16:52 Wheelbarrow
16:34 Forging
16:47 Scale Barding Armor
18:27 Bloodlines
19:32 Horse Collar
25:28 Castle Age
23:56 Gold Mining
24:37 Stone Mining
26:30 Chain Barding Armor
26:45 Iron Casting
25:33 Light Cavalry
26:13 Husbandry
27:35 Stone Mining
28:05 Bow Saw
28:08 Heavy Plow
Connection lost

Rejoining the realm…

Still unreachable

The connection could not be restored.

Session expired

The server has moved on; the page needs a fresh start.